 Dungeon Crawl Stone Soup version 0.23-a0-644-gb60d84b635 (webtiles) character file.

226 HereIgoKillingAgain the Charmwright (level 6, 0/50 HPs)
             Began as a Gnoll Skald on Jan 1, 2019.
             Slain by Grinder (8 damage)
             ... on level 3 of the Dungeon.
             The game lasted 00:02:06 (2411 turns).

HereIgoKillingAgain the Charmwright (Gnoll Skald)   Turns: 2411, Time: 00:02:06

Health: 0/50       AC:  3    Str: 13    XL:     6   Next: 1%
Magic:  13/13      EV: 14    Int: 21    God:
Gold:   137        SH:  4    Dex: 14    Spells: 12/15 levels left

rFire    . . .     SeeInvis .   a - +0 falchion
rCold    . . .     Gourm    .   f - +0 buckler
rNeg     . . .     Faith    .   b - +0 leather armour
rPois    +         Spirit   .   (no helmet)
rElec    .         Reflect  .   (no cloak)
rCorr    .         Harm     .   (no gloves)
MR       .....                  (no boots)
Stlth    ++........             (no amulet)
HPRegen  0.16/turn              e - ring of poison resistance
MPRegen  0.13/turn              g - +3 ring of intelligence

@: very slightly contaminated, invisible
A: distributed training, fangs 1, strong nose
a: no special abilities


You were on level 3 of the Dungeon.
You were not hungry.

You visited 1 branch of the dungeon, and saw 3 of its levels.

You collected 137 gold pieces.

Inventory:

Hand Weapons
 a - a +0 falchion (weapon)
Armour
 b - a +0 leather armour (worn)
 f - a +0 buckler (worn)
Jewellery
 e - a ring of poison resistance (left hand)
 g - a +3 ring of intelligence (right hand)
Scrolls
 h - 2 scrolls of teleportation {unknown}
 i - 2 scrolls of enchant weapon {unknown}
 l - 5 scrolls of remove curse {unknown}
 m - a scroll of blinking {unknown}
 n - a scroll of magic mapping {unknown}
Potions
 j - a potion of heal wounds
 k - a potion of flight
 q - a potion of might {unknown}
 r - a potion of brilliance {unknown}
Comestibles
 d - 3 rations


   Skills:
 + Level 4.9 Fighting
 + Level 1.7 Short Blades
 + Level 4.9 Long Blades
 + Level 1.7 Axes
 + Level 1.7 Maces & Flails
 + Level 1.7 Polearms
 + Level 1.7 Staves
 + Level 1.7 Slings
 + Level 1.7 Bows
 + Level 1.7 Crossbows
 + Level 1.7 Throwing
 + Level 3.1 Armour
 + Level 4.9 Dodging
 + Level 1.7 Stealth
 + Level 1.7 Shields
 + Level 1.7 Unarmed Combat
 + Level 5.2 Spellcasting
 + Level 1.3 Conjurations
 + Level 1.3 Hexes
 + Level 5.6 Charms
 + Level 1.3 Summonings
 + Level 1.3 Necromancy
 + Level 1.3 Translocations
 + Level 1.3 Transmutations
 + Level 1.3 Fire Magic
 + Level 1.3 Ice Magic
 + Level 1.3 Air Magic
 + Level 1.3 Earth Magic
 + Level 1.3 Poison Magic
 + Level 1.9 Invocations
 + Level 1.7 Evocations


You had 12 spell levels left.
You knew the following spells:

 Your Spells              Type           Power        Failure   Level  Hunger
a - Song of Slaying       Chrm           ####....     2%          2    None
b - Infusion              Chrm           ####         1%          1    None

Your spell library contained the following spells:

 Spells                   Type           Power        Failure   Level  Hunger
 Shroud of Golubria       Chrm/Tloc      ###.......   6%          2    None
 Regeneration             Chrm/Necr      ###.......   13%         3    ##.....
 Spectral Weapon          Hex/Chrm       ###.....     13%         3    ##.....


Dungeon Overview and Level Annotations

Branches:
Dungeon (3/15)

Altars:
Cheibriados

Annotations:
D:3 Grinder


Innate Abilities, Weirdness & Mutations

Your experience applies equally to all skills.
You have very sharp teeth.
Your uncanny sense of smell can sniff out nearby items.


Message History

You hit Grinder but do no damage.
Grinder is heavily wounded.
Grinder misses you.
Grinder says, "I used to sell toenails on the black market."
Grinder hits you!
You writhe in agony.
You completely miss Grinder.
Grinder is heavily wounded.
Grinder hits you.
You hit Grinder.
Grinder is heavily wounded.
Grinder hits you!
* * * LOW HITPOINT WARNING * * *
You closely miss Grinder.
Grinder is heavily wounded.
Grinder says, "What is the universe for?"
Grinder blinks!
You hit Grinder.
Grinder is severely wounded.
Grinder hits you!
You die...

#.# #....#.. #.#
####....#.> #.#
........### #.#
.......#... #.#
.......#... #.#
########... #.#
...........
#ยง#################
#.@5...............
###################
#


You could see Grinder.

Vanquished Creatures
  Sigmund (D:3)
  A hound zombie (D:2)
  2 oozes (D:1)
  A worm (D:2)
  A dart slug (D:3)
  A leopard gecko (D:3)
  An orc (D:3)
  3 giant cockroaches
  7 goblins
  8 hobgoblins
  4 kobolds
  A quokka (D:3)
  6 bats
  4 frilled lizards
  7 rats
48 creatures vanquished.

Notes
Turn   | Place    | Note
-------+----------+-------------------------------------------
     0 | D:1      | HereIgoKillingAgain the Gnoll Skald began the quest for the
                  | Orb.
     0 | D:1      | Reached XP level 1. HP: 20/20 MP: 6/6
    96 | D:1      | Reached XP level 2. HP: 17/26 MP: 7/7
   150 | D:1      | Learned a level 2 spell: Song of Slaying
   402 | D:1      | Reached XP level 3. HP: 31/31 MP: 9/9
   460 | D:1      | Reached skill level 5 in Spellcasting
   886 | D:2      | Found a snail-covered altar of Cheibriados.
  1097 | D:2      | Reached skill level 1 in Invocations
  1526 | D:2      | Reached skill level 1 in Short Blades
  1526 | D:2      | Reached skill level 1 in Axes
  1526 | D:2      | Reached skill level 1 in Maces & Flails
  1526 | D:2      | Reached skill level 1 in Polearms
  1526 | D:2      | Reached skill level 1 in Staves
  1526 | D:2      | Reached skill level 1 in Slings
  1526 | D:2      | Reached skill level 1 in Bows
  1526 | D:2      | Reached skill level 1 in Crossbows
  1526 | D:2      | Reached skill level 1 in Throwing
  1526 | D:2      | Reached skill level 1 in Stealth
  1526 | D:2      | Reached skill level 1 in Shields
  1526 | D:2      | Reached skill level 1 in Unarmed Combat
  1526 | D:2      | Reached skill level 1 in Evocations
  1526 | D:2      | Reached XP level 4. HP: 36/38 MP: 11/11
  1791 | D:3      | Found a faded altar of an unknown god.
  1967 | D:3      | Noticed Sigmund
  1998 | D:3      | Killed Sigmund
  1998 | D:3      | Reached skill level 1 in Conjurations
  1998 | D:3      | Reached skill level 1 in Hexes
  1998 | D:3      | Reached skill level 1 in Summonings
  1998 | D:3      | Reached skill level 1 in Necromancy
  1998 | D:3      | Reached skill level 1 in Translocations
  1998 | D:3      | Reached skill level 1 in Transmutations
  1998 | D:3      | Reached skill level 1 in Fire Magic
  1998 | D:3      | Reached skill level 1 in Ice Magic
  1998 | D:3      | Reached skill level 1 in Air Magic
  1998 | D:3      | Reached skill level 1 in Earth Magic
  1998 | D:3      | Reached skill level 1 in Poison Magic
  1998 | D:3      | Reached XP level 5. HP: 5/43 MP: 12/12
  2121 | D:3      | Reached XP level 6. HP: 26/50 MP: 13/13
  2353 | D:3      | Noticed Grinder
  2360 | D:3      | Paralysed by Grinder for 7 turns
  2411 | D:3      | Slain by Grinder

Vault maps used:
D:1:      dpeg_chamrin_arrival_tetris, minmay_misc_feat_pillars,
          minmay_statues_item
D:2:      lemuel_doored_altar, grunt_decor_cap
D:3:      chequers_ecumenical_altar_simple, uniq_grinder, uniq_sigmund

Skill      XL: |  1  2  3  4 |
---------------+-------------+-----
Spellcasting   | 5 |  5.2
Invocations    | 1 |  1.9
Short Blades   | 1 |  1.7
Axes           | 1 |  1.7
Maces & Flails | 1 |  1.7
Polearms       | 1 |  1.7
Staves         | 1 |  1.7
Slings         | 1 |  1.7
Bows           | 1 |  1.7
Crossbows      | 1 |  1.7
Throwing       | 1 |  1.7
Stealth        | 1 |  1.7
Shields        | 1 |  1.7
Unarmed Combat | 1 |  1.7
Evocations     | 1 |  1.7
Armour         | 3 |  3.1
Conjurations   | 1 |  1.3
Hexes          | 1 |  1.3
Summonings     | 1 |  1.3
Necromancy     | 1 |  1.3
Translocations | 1 |  1.3
Transmutations | 1 |  1.3
Fire Magic     | 1 |  1.3
Ice Magic      | 1 |  1.3
Air Magic      | 1 |  1.3
Earth Magic    | 1 |  1.3
Poison Magic   | 1 |  1.3
Fighting       | |  4.9
Long Blades    | |  4.9
Dodging        | |  4.9
Charms         | |  5.6

Action                   |  1- 3 |  4- 6 || total
-------------------------+-------+-------++-------
Melee: Falchion          |   110 |    79 ||   189
       Bite              |    12 |     5 ||    17
 Cast: Song of Slaying   |     1 |       ||     1
  Use: Scroll            |       |     3 ||     3
       Potion            |       |     4 ||     4
 Stab: Sleeping          |     2 |     1 ||     3
  Eat: Chunk             |     1 |     4 ||     5
Armor: Leather armour    |    26 |     8 ||    34
       Skin              |       |    13 ||    13
Dodge: Dodged            |    71 |    23 ||    94
Block: Buckler           |    16 |    10 ||    26
       Rpst.: Falchion   |    17 |     9 ||    26

Table legend:
 A = Non-vault XP
 B = Vault XP
 C = Vault XP percentage of total XP
 D = Non-vault monster count
 E = Vault monster count
 F = Vault count percentage of total count
                 A         B        C        D         E       F
            +---------+---------+-------+---------+---------+-------
      Total |     112 |     212 |  65.4 |      47 |       1 |   2.1
            +---------+---------+-------+---------+---------+-------
        D:1 |      45 |       0 |   0.0 |      22 |       0 |   0.0
        D:2 |      50 |       0 |   0.0 |      17 |       0 |   0.0
        D:3 |      17 |     212 |  92.6 |       8 |       1 |  11.1
            +---------+---------+-------+---------+---------+-------
